General information
- name: BNet
- type: Ladder team game (AT/RT)
- host: Battle.net
- saver: TIMG4STRok
map: Goldshire
- players: 4
- length: 19:37
- speed: Fast
- version: 1.23 W3XP
- replay type:

» download(128 KB)
Players
team 1 (winner)

»
HOLYFCUKITSSPIN (
blue | 127 APM | 2496 actions | 19:37)
5 Blademaster
2 Wind Walk
3 Critical Strike
» actions
| Assign group hotkey | 149 | |
| Basic commands | 57 | |
| Build / train | 93 | |
| ESC pressed | 2 | |
| Enter build submenu | 15 | |
| Enter hero's abilities submenu | 5 | |
| Give item / drop item | 3 | |
| Remove unit from queue | 1 | |
| Right click | 974 | |
| Select / deselect | 366 | |
| Select group hotkey | 755 | |
| Use ability | 76 | |
2496 total
» units
| Peon | 18 | |
| Grunt | 7 | |
| Troll Headhunter/Berserker | 18 | |
| Shaman | 4 | |
| Troll Witch Doctor | 4 | |
51 total
» upgrades
| Berserker Strength | 1 | |
| Troll Regeneration | 1 | |
| Ranged Weapons | 3 | |
| Reinforced Defenses | 1 | |
| Berserker Upgrade | 1 | |
| Shaman Training | 2 | |
| Witch Doctor Training | 2 | |
| Armor | 3 | |
14 total
» buildings
| Altar of Storms | 1 | |
| Orc Burrow | 8 | |
| Barracks | 2 | |
| Voodoo Lounge | 1 | |
| Stronghold | 2 | |
| Fortress | 1 | |
| War Mill | 1 | |
| Spirit Lodge | 2 | |
18 total
» build order
00:04 Altar of Storms
00:19 Orc Burrow
00:35 Barracks
01:27 Orc Burrow
01:59 Voodoo Lounge
02:59 Stronghold
03:33 Orc Burrow
05:20 Fortress
05:34 Barracks
05:36 Orc Burrow
05:56 War Mill
06:15 Spirit Lodge
13:40 Spirit Lodge
13:48 Orc Burrow
13:52 Orc Burrow
14:49 Orc Burrow
14:51 Orc Burrow
» items
| Boots of Speed | 1 | |
| Circlet of Nobility | 1 | |
| Healing Salve | 3 | |
| Orb of Lightning | 1 | |
| Lesser Clarity Potion | 2 | |
| Tiny Great Hall | 1 | |
| Scroll of Town Portal | 1 | |
10 total

»
iNt]ScArY (
yellow | 69 APM | 1361 actions | 19:37)
4 Death Knight
2 Death Coil
2 Unholy Aura
3 Dreadlord
1 Sleep
2 Vampiric Aura
3 Lich
2 Frost Nova
1 Dark Ritual
» actions
| Assign group hotkey | 23 | |
| Basic commands | 16 | |
| Build / train | 71 | |
| Enter build submenu | 16 | |
| Enter hero's abilities submenu | 10 | |
| Give item / drop item | 5 | |
| Remove unit from queue | 2 | |
| Right click | 693 | |
| Select / deselect | 390 | |
| Select group hotkey | 60 | |
| Use ability | 75 | |
1361 total
» units
| Acolyte | 3 | |
| Ghoul | 11 | |
| Obsidian Statue | 4 | |
| Crypt Fiend | 12 | |
| Abomination | 2 | |
32 total
» upgrades
| Unholy Armor | 1 | |
| Unholy Strength | 1 | |
| Web | 1 | |
| Destroyer Form | 1 | |
| Burrow | 1 | |
| Creature Attack | 2 | |
7 total
» buildings
| Altar of Darkness | 1 | |
| Ziggurat | 5 | |
| Crypt | 1 | |
| Tomb of Relics | 1 | |
| Graveyard | 1 | |
| Halls of the Dead | 4 | |
| Black Citadel | 3 | |
| Slaughterhouse | 1 | |
| Spirit Tower | 1 | |
18 total
» build order
00:09 Altar of Darkness
00:13 Ziggurat
00:36 Crypt
01:03 Tomb of Relics
01:37 Ziggurat
02:18 Graveyard
03:26 Halls of the Dead
03:26 Halls of the Dead
03:26 Halls of the Dead
04:10 Ziggurat
05:57 Black Citadel
05:57 Black Citadel
06:34 Slaughterhouse
07:49 Ziggurat
08:06 Spirit Tower
11:40 Ziggurat
» items
| Rod of Necromancy | 3 | |
| Dust of Appearance | 1 | |
| Orb of Corruption | 1 | |
| Potion of Healing | 2 | |
7 total
team 2 (loser)

»
Rush[yyz] (
green | 121 APM | 2376 actions | 19:34)
4 Death Knight
2 Death Coil
2 Unholy Aura
2 Lich
1 Frost Nova
1 Frost Armor
1 Dark Ranger
1 Silence
» actions
| Assign group hotkey | 53 | |
| Basic commands | 134 | |
| Build / train | 58 | |
| Enter build submenu | 13 | |
| Enter hero's abilities submenu | 7 | |
| Give item / drop item | 1 | |
| Remove unit from queue | 1 | |
| Right click | 936 | |
| Select / deselect | 337 | |
| Select group hotkey | 719 | |
| Use ability | 117 | |
2376 total
» units
| Acolyte | 2 | |
| Ghoul | 2 | |
| Crypt Fiend | 11 | |
| Obsidian Statue | 7 | |
| Abomination | 2 | |
| Meatwagon | 1 | |
25 total
» upgrades
| Creature Attack | 1 | |
| Burrow | 1 | |
| Destroyer Form | 1 | |
| Creature Carapace | 1 | |
| Disease Cloud | 1 | |
5 total
» buildings
| Graveyard | 1 | |
| Crypt | 1 | |
| Altar of Darkness | 2 | |
| Ziggurat | 6 | |
| Tomb of Relics | 2 | |
| Nerubian Tower | 1 | |
| Halls of the Dead | 1 | |
| Black Citadel | 4 | |
| Slaughterhouse | 1 | |
19 total
» build order
00:13 Graveyard
00:17 Crypt
00:45 Altar of Darkness
00:48 Altar of Darkness
01:00 Ziggurat
01:27 Tomb of Relics
01:59 Nerubian Tower
02:35 Ziggurat
03:29 Halls of the Dead
04:34 Ziggurat
06:08 Black Citadel
06:08 Black Citadel
06:08 Black Citadel
06:46 Slaughterhouse
08:11 Ziggurat
10:33 Ziggurat
11:58 Ziggurat
16:45 Tomb of Relics
» items
| Rod of Necromancy | 4 | |
| Dust of Appearance | 2 | |
| Orb of Corruption | 1 | |
| Scroll of Town Portal | 1 | |
8 total

»
TIMG4STRok (
red | 156 APM | 3068 actions | 19:37)
4 Death Knight
2 Death Coil
2 Unholy Aura
3 Lich
2 Frost Nova
1 Frost Armor
» actions
| Assign group hotkey | 40 | |
| Basic commands | 83 | |
| Build / train | 54 | |
| Enter build submenu | 16 | |
| Enter hero's abilities submenu | 7 | |
| Give item / drop item | 1 | |
| Right click | 1176 | |
| Select / deselect | 373 | |
| Select group hotkey | 1217 | |
| Use ability | 101 | |
3068 total
» units
| Acolyte | 3 | |
| Ghoul | 2 | |
| Crypt Fiend | 17 | |
| Obsidian Statue | 3 | |
| Frost Wyrm | 3 | |
28 total
» upgrades
| Creature Attack | 2 | |
| Burrow | 1 | |
| Creature Carapace | 1 | |
4 total
» buildings
| Graveyard | 1 | |
| Crypt | 1 | |
| Ziggurat | 6 | |
| Altar of Darkness | 1 | |
| Tomb of Relics | 1 | |
| Nerubian Tower | 1 | |
| Spirit Tower | 1 | |
| Halls of the Dead | 1 | |
| Slaughterhouse | 1 | |
| Sacrificial Pit | 1 | |
| Black Citadel | 1 | |
| Boneyard | 1 | |
17 total
» build order
00:06 Graveyard
00:08 Crypt
00:37 Ziggurat
00:56 Altar of Darkness
01:47 Ziggurat
02:01 Tomb of Relics
02:40 Nerubian Tower
02:52 Spirit Tower
04:54 Halls of the Dead
05:00 Ziggurat
06:45 Ziggurat
07:42 Slaughterhouse
09:53 Sacrificial Pit
09:59 Black Citadel
11:30 Ziggurat
13:26 Boneyard
18:09 Ziggurat
» items
| Rod of Necromancy | 1 | |
| Dust of Appearance | 1 | |
| Circlet of Nobility | 1 | |
| Scroll of Town Portal | 1 | |
| Potion of Healing | 1 | |
| Scroll of Healing | 2 | |
| Orb of Corruption | 1 | |
8 total
Chat log
(00:08 / Allies) Rush[yyz]: rank 1 solo
(00:09 / Allies) Rush[yyz]: ;o
(00:12 / Allies) TIMG4STRok: who
(00:19 / Allies) Rush[yyz]: scary
(00:21 / All) HOLYFCUKITSSPIN: unless you guys
(00:23 / All) HOLYFCUKITSSPIN: have 2 orcs
(00:26 / All) HOLYFCUKITSSPIN: you better leave
(00:33 / All) TIMG4STRok: unless you are good
(00:35 / All) Rush[yyz]: better
(00:35 / All) TIMG4STRok: you better manner
(00:37 / All) Rush[yyz]: 3 orcs
(00:41 / All) TIMG4STRok: wait you aint good...
(00:47 / All) HOLYFCUKITSSPIN: syke
(01:13 / All) Rush[yyz]: reporting you to blizzard for badmanner
(01:17 / All) Rush[yyz]: thats it mister
(01:23 / All) HOLYFCUKITSSPIN: my dad works at blizzard np
(04:01 / Allies) TIMG4STRok: he crept my shit
(04:03 / Allies) TIMG4STRok: as ud harass
(04:04 / Allies) TIMG4STRok: gay
(06:24 / Allies) Rush[yyz]: yo nuke bm
(06:25 / Allies) Rush[yyz]: asap
(06:29 / Allies) TIMG4STRok: take
(06:30 / Allies) Rush[yyz]: i got dust
(07:02 / Allies) TIMG4STRok: i gotta get level 3
(07:08 / Allies) Rush[yyz]: you creep
(07:31 / Allies) Rush[yyz]: ?
(11:02 / Allies) TIMG4STRok: share
(15:15 / Allies) TIMG4STRok: nice
(15:16 / Allies) TIMG4STRok: fuckin
(15:17 / Allies) TIMG4STRok: item
(17:11 / Allies) TIMG4STRok: b
(18:39 / Allies) TIMG4STRok: need destroyers to eat that shit
(18:59 / Allies) TIMG4STRok: im there